 Dungeon Crawl Stone Soup version 0.29.0-11-gd7f09526c8 (webtiles) character file.

Game seed: 17600559179545521236

1241 Powertoast the Basher (level 8, -3/112 HPs)
             Began as a Troll Berserker on Sept 4, 2022.
             Was a Believer of Trog.
             Slain by a black bear (4 damage)
             ... on level 6 of the Dungeon.
             The game lasted 00:15:30 (4590 turns).

Powertoast the Basher (Troll Berserker)             Turns: 4590, Time: 00:15:31

Health: -3/112     AC:  5    Str: 28    XL:     8   Next: 25%
Magic:  7/7        EV: 10    Int:  3    God:    Trog [**....]
Gold:   269        SH:  0    Dex: 15    Spells: 7/7 levels left

rFire   . . .      SeeInvis .   a - +0 mace
rCold   . . .      Faith    .   (no shield)
rNeg    . . .      Spirit   .   b - +0 animal skin
rPois   .          Reflect  .   (helmet restricted)
rElec   .          Harm     .   s - +0 cloak
rCorr   .          Rampage  .   (gloves unavailable)
Will    .....                   (boots unavailable)
Stlth   ..........              (no amulet)
HPRegen 1.08/turn               r - +6 ring of dexterity
MPRegen 0.10/turn               (no ring)

@: berserking (expiring), lethally poisoned (-3 -> -3), very quick
A: large, unfitting armour, claws 3, regeneration 1, shaggy fur 1, tough skin 1
a: Renounce Religion, Berserk, Trog's Hand


You were on level 6 of the Dungeon.
You worshipped Trog.
Trog was pleased with you.
You visited 1 branch of the dungeon, and saw 6 of its levels.

You collected 269 gold pieces.

Inventory:

Hand Weapons
 a - a +0 mace (weapon)
Missiles
 m - 3 throwing nets (quivered)
 t - 2 javelins
Armour
 b - a +0 animal skin (worn)
 s - a +0 cloak (worn)
Jewellery
 r - a +6 ring of dexterity (left claw)
 v - a ring of flight
Wands
 n - a wand of roots (4)
Scrolls
 e - a scroll of silence {unknown}
 f - 4 scrolls of enchant weapon
 h - 4 scrolls of teleportation
 i - a scroll of magic mapping {unknown}
 j - 2 scrolls of fear {unknown}
 l - 3 scrolls of immolation
 o - a scroll of noise {unknown}
 q - a scroll of vulnerability {unknown}
Potions
 c - a potion of attraction {unknown}
 d - 6 potions of curing
 g - 2 potions of haste
 k - 2 potions of mutation {unknown}
 p - a potion of flight {unknown}
 u - a potion of resistance {unknown}
 w - a potion of magic {unknown}


   Skills:
 + Level 3.3 Fighting
 * Level 9.0 Maces & Flails
 - Level 3.0 Dodging


You had 7 spell levels left.
You didn't know any spells.
Your spell library was empty.

Dungeon Overview and Level Annotations

Branches:
Dungeon (6/15)
 Temple: D:4-7

Altars:
Ashenzari
Okawaru


Innate Abilities, Weirdness & Mutations

You are too large for most types of armour.
You have claws for hands.
Your natural rate of healing is unusually fast.
You are covered in fur. (AC +1)
You have tough skin. (AC +1)


Message History

You barely miss the water moccasin.
The water moccasin is heavily wounded.
The water moccasin bites you.
* * * LOW HITPOINT WARNING * * *
A black bear comes into view.
The black bear growls angrily.
You sock the water moccasin!
The water moccasin is almost dead.
You feel sick. The water moccasin bites you.
* * * LOW HITPOINT WARNING * * *
You are more poisoned.
The water moccasin poisons you!
You sock the water moccasin!
You kill the water moccasin!
Trog accepts your kill.
You feel sick.
Your Maces & Flails skill increases to level 9!
You feel sick. The iguana bites you!
* * * LOW HITPOINT WARNING * * *
You see here a water moccasin corpse.
You hit the iguana but do no damage.
You feel sick.
You are too berserk!
Okay, then.
* * * LOW HITPOINT WARNING * * *
You feel sick.
You sock the iguana!
The iguana is severely wounded.
You feel sick. The iguana barely misses you.
You sock the iguana!
You kill the iguana!
Trog accepts your kill.
You feel sick.
You feel sick.
You feel a strong urge to attack something.
You feel sick.
You feel sick.
The black bear bites you but does no damage.
The black bear claws you but does no damage.
The black bear claws you.
You die...

.........####.#
#.# .........#
#.# #.#
.........# #.#
#.# .........#
#.###.#
.........#
#...)<#
.........#
#######
.####...##
#.#.#######
#.#..h@...#
#.##.####.#
..#...# #
#.......
#......###
#..###.. ###
... .## .#


You could see a black bear.

Vanquished Creatures
  Duvessa (D:4)
  2 water moccasins
  A black bear (D:6)
  2 phantoms
  A kobold brigand (D:4)
  2 scorpions
  Dowan (D:4)
  A hound (D:4)
  Jessica (D:2)
  Ijyb (D:4)
  Natasha (thrice) (D:4)
  3 iguanas
  An orc wizard (D:5)
  Robin (D:1)
  7 adders
  A gnoll (D:6)
  An ufetubus (D:6)
  3 worms (D:2)
  4 dart slugs
  4 orcs
  4 ball pythons
  7 bats
  8 endoplasms
  4 giant cockroaches
  12 goblins
  8 hobgoblins
  5 jackals
  4 quokkas
  A frilled lizard (D:3)
  8 kobolds
  4 rats
106 creatures vanquished.

Vanquished Creatures (others)
  7 plants (D:1)
7 creatures vanquished.

Grand Total: 113 creatures vanquished

Notes
Turn   | Place    | Note
-------+----------+-------------------------------------------
     0 | D:1      | Powertoast the Troll Berserker began the quest for the Orb.
     0 | D:1      | Reached XP level 1. HP: 22/22 MP: 0/0
   169 | D:1      | Reached skill level 3 in Maces & Flails
   169 | D:1      | Reached XP level 2. HP: 29/29 MP: 1/1
   519 | D:1      | Reached XP level 3. HP: 36/36 MP: 2/2
   886 | D:2      | Noticed Robin
   951 | D:1      | Killed Robin
   960 | D:2      | Reached ** piety under Trog
  1170 | D:2      | Reached XP level 4. HP: 37/44 MP: 3/3
  1349 | D:2      | Found an iron altar of Okawaru.
  1386 | D:2      | Noticed Jessica
  1390 | D:2      | Killed Jessica
  1391 | D:2      | Reached skill level 4 in Maces & Flails
  2100 | D:3      | Identified the +7 chain mail of the Pits of Slime {Str+5}
  2575 | D:3      | Noticed a scorpion
  2585 | D:3      | Killed a scorpion
  2586 | D:3      | Reached XP level 5. HP: 43/53 MP: 4/4
  2703 | D:3      | Reached skill level 5 in Maces & Flails
  2977 | D:4      | Reached XP level 6. HP: 61/61 MP: 5/5
  3001 | D:4      | Reached skill level 6 in Maces & Flails
  3082 | D:4      | Noticed Natasha
  3090 | D:4      | Killed Natasha
  3294 | D:4      | Found a broken altar of Ashenzari.
  3322 | D:4      | Noticed Natasha
  3335 | D:4      | Killed Natasha
  3337 | D:4      | Noticed Ijyb
  3465 | D:4      | Noticed Natasha
  3473 | D:4      | Killed Ijyb
  3474 | D:4      | Killed Natasha
  3700 | D:4      | Noticed Dowan
  3701 | D:4      | Noticed Duvessa
  3715 | D:4      | Killed Duvessa
  3716 | D:4      | Reached skill level 7 in Maces & Flails
  3716 | D:4      | Reached XP level 7. HP: 67/67 MP: 6/6
  3719 | D:4      | Killed Dowan
  3970 | D:5      | Entered Level 5 of the Dungeon
  4098 | D:5      | Reached skill level 8 in Maces & Flails
  4148 | D:6      | Reached XP level 8. HP: 17/75 MP: 7/7
  4583 | D:6      | Reached skill level 9 in Maces & Flails
  4583 | D:6      | HP: 4/112 [iguana (11)]
  4588 | D:6      | HP: 2/112 [poisoned by a water moccasin]
  4590 | D:6      | Slain by a black bear

Illustrated notes

Levels and vault maps discovered:
D:1:      dpeg_arrival_court, layout_basic, serial_forest,
          infiniplex_forest_straight_3, infiniplex_forest_straight_4,
          infiniplex_forest_split, infiniplex_forest_clump_large,
          infiniplex_forest_join, infiniplex_forest_lined_room_,
          infiniplex_forest_clump_small, infiniplex_forest_zigzag_2,
          infiniplex_forest_clump_long, chequers_serial_rivers_small_3,
          hangedman_abyss_or_decor_stabs, st_stairs_9, fountainhead
D:2:      layout_loops_ring, basic_altar, minivault_11, uniq_robin, uniq_jessica
D:3:      minmay_diamond_boxcup, layout_basic, minmay_misc_feat_hallway
D:4:      layout_basic, ashenzari_conservatory_becter, uniq_natasha,
          uniq_duvessa, uniq_ijyb
D:5:      layout_rooms
D:6:      layout_basic, lemuel_mausoleum_altar_kikubaaqudgha,
          mainiacjoe_overflow_alcove_2, water_boxes_lemuel, uniq_pikel,
          uniq_sigmund

Skill      XL: |  1  2  3  4  5  6  7  8 |
---------------+-------------------------+-----
Maces & Flails | 3 4 5 7 8 9 |  9.0
Fighting       | 3 |  3.3
Dodging        | 3 |  3.0

Action                   |  1- 3 |  4- 6 |  7- 9 || total
-------------------------+-------+-------+-------++-------
Melee: Mace              |   149 |   193 |   115 ||   457
       Punch             |     1 |     2 |     2 ||     5
Invok: Berserk           |     1 |     3 |     2 ||     6
       Trog's Hand       |       |     2 |       ||     2
  Use: Scroll            |       |     5 |     1 ||     6
       Potion            |       |     1 |       ||     1
Armor: Animal skin       |    73 |    68 |    51 ||   192
Dodge: Dodged            |   114 |   111 |   104 ||   329
